 Dungeon Crawl Stone Soup version 0.22-b1-59-g0aedee7 (webtiles) character file.

130 MTVSty1e the Chopper (level 5, -2/32 HPs)
             Began as a Gargoyle Monk on Aug 9, 2018.
             Slain by an ogre
             ... wielding a +0 giant club
              (10 damage)
             ... on level 4 of the Dungeon.
             The game lasted 00:03:42 (2609 turns).

MTVSty1e the Chopper (Gargoyle Monk)                Turns: 2609, Time: 00:03:43

Health: -2/32      AC: 16    Str: 15    XL:     5   Next: 13%
Magic:  5/5        EV:  4    Int: 11    God:
Gold:   148        SH:  0    Dex: 12    Spells: 4/4 levels left

rFire    . . .     SeeInvis .   a - +0 hand axe
rCold    . . .     Gourm    .   (no shield)
rNeg     + . .     Faith    .   t - +0 plate armour
rPois    ∞         Spirit   .   A - +0 helmet
rElec    +         Reflect  .   (no cloak)
rCorr    .         Harm     .   v - +0 pair of gloves
MR       .....                  (no boots)
Stlth    ..........             (no amulet)
HPRegen  0.10/turn              y - ring of stealth
MPRegen  0.09/turn              x - ring of attention (curse)

@: very slightly contaminated
A: negative energy resistance 1, electricity resistance, unbreathing,
petrification resistance, rot immunity, AC +4
a: no special abilities


You were on level 4 of the Dungeon.
You were not hungry.

You visited 1 branch of the dungeon, and saw 4 of its levels.

You collected 148 gold pieces.

Inventory:

Hand Weapons
 a - a +0 hand axe (weapon)
Armour
 t - a +0 plate armour (worn)
 v - a +0 pair of gloves (worn)
 A - a +0 helmet (worn)
Jewellery
 x - a cursed ring of attention (right hand)
 y - a ring of stealth (left hand)
Scrolls
 b - 2 scrolls of identify {unknown}
 e - a scroll of blinking {unknown}
 g - 2 scrolls of fog {unknown}
 i - a scroll of immolation {unknown}
 l - 3 scrolls of teleportation {unknown}
 m - 2 scrolls of random uselessness {unknown}
 n - a scroll of enchant armour {unknown}
 o - a scroll of amnesia {unknown}
 w - a scroll of noise {unknown}
Potions
 d - a potion of lignification {unknown}
 f - a potion of invisibility
 h - a potion of agility {unknown}
 j - 4 potions of brilliance {unknown}
 k - a potion of heal wounds {unknown}
 p - 2 potions of resistance {unknown}
 q - a potion of might {unknown}
 r - a potion of degeneration {unknown}
 s - 2 potions of curing {unknown}
 u - a potion of flight {unknown}
 z - a potion of cancellation {unknown}
Comestibles
 c - 6 rations


   Skills:
 - Level 3.2 Fighting
 + Level 5.1 Axes
 - Level 2.4 Dodging
 - Level 2.1 Stealth


You had 4 spell levels left.
You didn't know any spells.
Your spell library was empty.

Dungeon Overview and Level Annotations

Branches:
Dungeon (4/15)
 Temple: D:4-7

Altars:
Ashenzari
Hepliaklqana
Zin
The Shining One

Shops:
D:3 *


Innate Abilities, Weirdness & Mutations

You are resistant to torment.
Your stone body is resilient. (AC +4)
You are immune to poison.
You resist negative energy. (rN+)
You are resistant to electric shocks. (rElec)
You can survive without breathing.
You are immune to petrification.
You are immune to rotting.


Message History

You are too injured to fight recklessly!
You are too injured to fight recklessly!
You are too injured to fight recklessly!
You are too injured to fight recklessly!
You are too injured to fight recklessly!
You are too injured to fight recklessly!
You are too injured to fight recklessly!
You are too injured to fight recklessly!
You are too injured to fight recklessly!
You are too injured to fight recklessly!
You are too injured to fight recklessly!
You are too injured to fight recklessly!
You are too injured to fight recklessly!
It was a potion of invisibility.
You fade into invisibility!
You are very lightly contaminated with residual magic.
You flicker for a moment.
You flicker back into view.
The ogre hits you with a giant club!
You die...

#.# #.#########
#[........#
#########.# ####
#.# ..# #.# #.#
#.# #<#
#####O#####.# #.#
#...@.......#
##.##
#.##.########
#...# #.##.# ....#
##.##.#
#...########.#.#.#
##.......##.###..#
#.....##...## ##.#
#.###.#####.###.##
..# #........#.##


You could see an ogre.

Vanquished Creatures
  A crimson imp (D:4)
  A gnoll (D:1)
  3 adders
  2 worms
  2 dart slugs (D:3)
  5 orcs (D:3)
  3 giant cockroaches
  5 goblins
  4 hobgoblins
  2 ball pythons
  3 bats
  7 frilled lizards
  6 kobolds
  4 rats
48 creatures vanquished.

Notes
Turn   | Place    | Note
-------+----------+-------------------------------------------
     0 | D:1      | MTVSty1e the Gargoyle Monk began the quest for the Orb.
     0 | D:1      | Reached XP level 1. HP: 14/14 MP: 1/1
    77 | D:1      | Reached skill level 3 in Axes
   102 | D:1      | Reached XP level 2. HP: 19/19 MP: 2/2
   626 | D:1      | Reached XP level 3. HP: 23/23 MP: 3/3
   732 | D:2      | Found a faded altar of an unknown god.
   817 | D:2      | Found a glowing golden altar of the Shining One.
   890 | D:2      | Found a hazy altar of Hepliaklqana.
  1168 | D:2      | You fall through a shaft!
  1173 | D:3      | Reached skill level 4 in Axes
  1275 | D:2      | Found a shattered altar of Ashenzari.
  1529 | D:3      | Found Zin's Purification Station.
  1532 | D:3      | Found a glowing silver altar of Zin.
  1831 | D:3      | Reached XP level 4. HP: 28/28 MP: 4/4
  2517 | D:4      | Reached skill level 5 in Axes
  2517 | D:4      | Reached XP level 5. HP: 32/32 MP: 5/5
  2580 | D:4      | Noticed an ogre
  2609 | D:4      | Slain by an ogre

Skill      XL: |  1  2  3  4 |
---------------+-------------+-----
Axes           | 3 4 5 |  5.1
Fighting       | |  3.2
Dodging        | |  2.4
Stealth        | |  2.1

Action                   |  1- 3 |  4- 6 || total
-------------------------+-------+-------++-------
Melee: Hand axe          |    86 |   101 ||   187
       Long sword        |    18 |    41 ||    59
  Use: Potion            |       |     1 ||     1
 Stab: Sleeping          |     3 |       ||     3
  Eat: Ration            |     1 |     1 ||     2
Armor: Ring mail         |    17 |       ||    17
       Plate armour      |    52 |   123 ||   175
Dodge: Dodged            |    33 |    23 ||    56
       Rpst.: Long sword |     1 |     2 ||     3
